AoeStats
← m00157301

Arabia

510539186Analyzed
1v1 RM · 16h ago on Oct 1, 2026· 32m 7s· 2 players
Game mode
Random Map
Map size
Tiny (2 player)
Population
200
Speed
Normal
Resources
Standard
Victory
Conquest
Starting age
Dark Age
Ending age
Imperial Age
RankedLock teamsTeams togetherTeam positionsShared explorationLock speedFull tech treeHidden civsTurbo modeCheats
Victory
Defeat
🇹🇼 Huns · Taiwan
859
+17
🇨🇱 Mapuche · Chile
882
-17
m00157301
9:21 Feudal Age
10:37 Wheelbarrow
9:50 Double-Bit Axe
9:50 Horse Collar
16:21 Man-at-Arms
20:32 Castle Age
20:48 Long Swordsman
25:40 Scale Mail Armor
30:02 Pikeman
30:43 Squires
Patoko6966
1:17 Loom
9:52 Feudal Age
14:36 Wheelbarrow
15:12 Horse Collar
18:08 Double-Bit Axe
19:12 Fletching
26:06 Castle Age
25:36 Forging
27:19 Bodkin Arrow
30:46 Hand Cart
Connection lost

Rejoining the realm…

Still unreachable

The connection could not be restored.

Session expired

The server has moved on; the page needs a fresh start.